| TOP OF THE 1ST |
|
Toronto Blue Jays batting - Pitching for Kansas City Royals : RHP Tom Jensen
|
|
Pitching: RHP Tom Jensen
|
|
|
Batting: LHB Jon Schick
|
0-0: Ball 1-0: Foul Ball, location: 2F 1-1: Ball 2-1: Ball 3-1: Base on Balls
|
|
Batting: LHB Gabe White
|
0-0: Ball 1-0: Foul Ball, location: 2F 1-1: Fly out, F8 (Flyball, 8RXD, EV 85.6 MPH)
|
|
Batting: RHB Ruben Velasco
|
0-0: Foul Ball, location: 2F 0-1: Grounds into double play, 5-4-3 (Groundball, 56S, EV 81.9 MPH)
|
| Top of the 1st over - 0 runs, 0 hits, 0 errors, 0 left on base; Toronto 0 - Kansas City 0 |
| BOTTOM OF THE 1ST |
|
Kansas City Royals batting - Pitching for Toronto Blue Jays : RHP Larry Legros
|
|
Pitching: RHP Larry Legros
|
|
|
Batting: RHB Mike Jaquez
|
0-0: Ball 1-0: Fly out, F3 (Popup, 3S, EV 65.0 MPH)
|
|
Batting: RHB Aaron Matthews
|
0-0: Fly out, F9 (Flyball, 9S, EV 80.0 MPH)
|
|
Batting: SHB Tony Prado
|
0-0: Ball 1-0: Ball 2-0: Called Strike 2-1: Ball 3-1: Foul Ball, location: 2F 3-2: Foul Ball, location: 2F 3-2: TRIPLE (Flyball, 78XD, EV 100.6 MPH)
|
|
Batting: LHB Manny Estrada
|
0-0: Ball 1-0: Foul Ball, location: 2F 1-1: Foul Ball, location: 2F 1-2: Foul Ball, location: 2F 1-2: Foul Ball, location: 2F 1-2: Strikes out swinging
|
| Bottom of the 1st over - 0 runs, 1 hit, 0 errors, 1 left on base; Toronto 0 - Kansas City 0 |
| TOP OF THE 2ND |
|
Toronto Blue Jays batting - Pitching for Kansas City Royals : RHP Tom Jensen
|
|
Batting: RHB Shigem Kubo
|
0-0: Called Strike 0-1: Ball 1-1: Foul Ball, location: 2F 1-2: Strikes out looking
|
|
Batting: RHB Kirk Arp
|
0-0: Ball 1-0: Ball 2-0: Foul Ball, location: 2F 2-1: Ball 3-1: Ground out 6-3 (Groundball, 56, EV 85.0 MPH)
|
|
Batting: LHB Isto Mäyrä
|
0-0: Fly out, F5 (Line Drive, 5, EV 66.2 MPH)
|
| Top of the 2nd over - 0 runs, 0 hits, 0 errors, 0 left on base; Toronto 0 - Kansas City 0 |
| BOTTOM OF THE 2ND |
|
Kansas City Royals batting - Pitching for Toronto Blue Jays : RHP Larry Legros
|
|
Batting: LHB Zion Davidson
|
0-0: Foul Ball, location: 2F 0-1: Ball 1-1: Called Strike 1-2: Foul Ball, location: 2F 1-2: Ground out 6-3 (Groundball, 56, EV 99.4 MPH)
|
|
Batting: RHB Jordan Diaz
|
0-0: Called Strike 0-1: Foul Ball, location: 2F 0-2: Fly out, F3 (Popup, 34S, EV 72.5 MPH)
|
|
Batting: SHB Gil Switzer
|
0-0: Ball 1-0: Ball 2-0: Called Strike 2-1: Foul Ball, location: 2F 2-2: Ball 3-2: Ground out 4-3 (Groundball, 4, EV 82.5 MPH)
|
| Bottom of the 2nd over - 0 runs, 0 hits, 0 errors, 0 left on base; Toronto 0 - Kansas City 0 |
| TOP OF THE 3RD |
|
Toronto Blue Jays batting - Pitching for Kansas City Royals : RHP Tom Jensen
|
|
Batting: SHB Dylan Novakowski
|
0-0: Ball 1-0: Fly out, F4 (Popup, 4M, EV 71.2 MPH)
|
|
Batting: RHB Cole Zelinski
|
0-0: Called Strike 0-1: Ball 1-1: Fly out, F9 (Flyball, 9S, EV 87.5 MPH)
|
|
Batting: RHB Jerry Jauregui
|
0-0: Ball 1-0: Foul Ball, location: 2F 1-1: Swinging Strike 1-2: Ball 2-2: Ball 3-2: Foul Ball, location: 2F 3-2: Base on Balls
|
|
Batting: LHB Jon Schick
|
0-0: Fly out, F3 (Line Drive, 3, EV 72.5 MPH)
|
| Top of the 3rd over - 0 runs, 0 hits, 0 errors, 1 left on base; Toronto 0 - Kansas City 0 |
| BOTTOM OF THE 3RD |
|
Kansas City Royals batting - Pitching for Toronto Blue Jays : RHP Larry Legros
|
|
Batting: RHB Avery Maxwell
|
0-0: Foul Ball, location: 2F 0-1: Ball 1-1: Foul Ball, location: 2F 1-2: Strikes out swinging
|
|
Batting: RHB Mike Batko
|
0-0: Called Strike 0-1: Called Strike 0-2: Foul Ball, location: 2F 0-2: SINGLE (Groundball, 56D, EV 104.4 MPH)
|
|
Batting: RHB Mike Jaquez
|
0-0: Fly out, F6 (Line Drive, 6, EV 66.2 MPH)
|
|
Batting: RHB Aaron Matthews
|
0-0: Ball 1-0: Called Strike 1-1: Fielders Choice at 2nd, U6 (Groundball, 6M, EV 88.1 MPH)
|
| Bottom of the 3rd over - 0 runs, 1 hit, 0 errors, 1 left on base; Toronto 0 - Kansas City 0 |
| TOP OF THE 4TH |
|
Toronto Blue Jays batting - Pitching for Kansas City Royals : RHP Tom Jensen
|
|
Batting: LHB Gabe White
|
0-0: Called Strike 0-1: Ball 1-1: Ball 2-1: Ground out 4-3 (Groundball, 4, EV 108.8 MPH)
|
|
Batting: RHB Ruben Velasco
|
0-0: Foul Ball, location: 2F 0-1: Foul Ball, location: 2F 0-2: Ball 1-2: Fly out, F7 (Flyball, 78M, EV 97.5 MPH)
|
|
Batting: RHB Shigem Kubo
|
0-0: Swinging Strike 0-1: Called Strike 0-2: Strikes out swinging
|
| Top of the 4th over - 0 runs, 0 hits, 0 errors, 0 left on base; Toronto 0 - Kansas City 0 |
| BOTTOM OF THE 4TH |
|
Kansas City Royals batting - Pitching for Toronto Blue Jays : RHP Larry Legros
|
|
Batting: SHB Tony Prado
|
0-0: Ball 1-0: SOLO HOME RUN (Flyball, 89XD, EV 101.2 MPH), Distance : 401 ft
|
|
Batting: LHB Manny Estrada
|
0-0: Called Strike 0-1: Called Strike 0-2: Ball 1-2: Ground out 6-3 (Groundball, 4M, EV 106.9 MPH)
|
|
Batting: LHB Zion Davidson
|
0-0: Called Strike 0-1: Ball 1-1: Foul Ball, location: 2F 1-2: Foul Ball, location: 2F 1-2: Foul Ball, location: 2F 1-2: Ball 2-2: Ball 3-2: Strikes out swinging
|
|
Batting: RHB Jordan Diaz
|
0-0: Foul Ball, location: 2F 0-1: Ball 1-1: Ground out 6-3 (Groundball, 6, EV 87.5 MPH)
|
| Bottom of the 4th over - 1 run, 1 hit, 0 errors, 0 left on base; Toronto 0 - Kansas City 1 |
| TOP OF THE 5TH |
|
Toronto Blue Jays batting - Pitching for Kansas City Royals : RHP Tom Jensen
|
|
Batting: RHB Kirk Arp
|
0-0: Ball 1-0: Ball 2-0: Foul Ball, location: 2F 2-1: Fly out, F7 (Line Drive, 7D, EV 86.9 MPH)
|
|
Batting: LHB Isto Mäyrä
|
0-0: Called Strike 0-1: Foul Ball, location: 2F 0-2: Strikes out swinging
|
|
Batting: SHB Dylan Novakowski
|
0-0: Called Strike 0-1: Ball 1-1: Called Strike 1-2: Ball 2-2: Strikes out swinging, 2-3 out at first.
|
| Top of the 5th over - 0 runs, 0 hits, 0 errors, 0 left on base; Toronto 0 - Kansas City 1 |
| BOTTOM OF THE 5TH |
|
Kansas City Royals batting - Pitching for Toronto Blue Jays : RHP Larry Legros
|
|
Batting: SHB Gil Switzer
|
0-0: Swinging Strike 0-1: Ground out 4-3 (Groundball, 4, EV 86.2 MPH)
|
|
Batting: RHB Avery Maxwell
|
0-0: Ground out 5-3 (Groundball, 5, EV 82.5 MPH)
|
|
Batting: RHB Mike Batko
|
0-0: Ball 1-0: Foul Ball, location: 2F 1-1: Ball 2-1: Swinging Strike 2-2: Ball 3-2: Strikes out swinging
|
| Bottom of the 5th over - 0 runs, 0 hits, 0 errors, 0 left on base; Toronto 0 - Kansas City 1 |
| TOP OF THE 6TH |
|
Toronto Blue Jays batting - Pitching for Kansas City Royals : RHP Tom Jensen
|
|
Batting: RHB Cole Zelinski
|
0-0: Called Strike 0-1: DOUBLE (Line Drive, 7LS, EV 100.6 MPH)
|
|
Batting: RHB Jerry Jauregui
|
0-0: Sac Bunt to 25 - play at first, batter OUT! 5-3 Cole Zelinski to third
|
|
Batting: LHB Jon Schick
|
0-0: Ball 1-0: Foul Ball, location: 2F 1-1: Ground out U3 (Groundball, 3S, EV 72.5 MPH)
|
|
Batting: LHB Gabe White
|
0-0: Foul Ball, location: 2F 0-1: SINGLE (Line Drive, 8RS, EV 92.5 MPH) Cole Zelinski scores
|
|
Batting: RHB Ruben Velasco
|
0-0: Called Strike 0-1: Ball 1-1: Ball 2-1: Called Strike 2-2: Ball 3-2: SINGLE (Flyball, 4D, EV 85.6 MPH) Gabe White to second Gabe White to third
|
|
Batting: RHB Shigem Kubo
|
0-0: Foul Ball, location: 2F 0-1: Ball 1-1: Ball 2-1: Foul Ball, location: 2F 2-2: SINGLE (Line Drive, 8LS, EV 87.5 MPH) Gabe White scores Ruben Velasco to second
|
|
Batting: RHB Kirk Arp
|
0-0: Called Strike 0-1: Ball 1-1: Ground out 6-3 (Groundball, 15, EV 87.5 MPH)
|
| Top of the 6th over - 2 runs, 4 hits, 0 errors, 2 left on base; Toronto 2 - Kansas City 1 |
| BOTTOM OF THE 6TH |
|
Kansas City Royals batting - Pitching for Toronto Blue Jays : RHP Larry Legros
|
|
Batting: RHB Mike Jaquez
|
0-0: Ball 1-0: Foul Ball, location: 2F 1-1: Fly out, F7 (Flyball, 78D, EV 94.4 MPH)
|
|
Batting: RHB Aaron Matthews
|
0-0: Ground out 6-3 (Groundball, 6, EV 91.2 MPH)
|
|
Batting: SHB Tony Prado
|
0-0: Called Strike 0-1: Ball 1-1: Ball 2-1: Foul Ball, location: 2F 2-2: Ball 3-2: Fly out, F7 (Flyball, 78M, EV 90.6 MPH)
|
| Bottom of the 6th over - 0 runs, 0 hits, 0 errors, 0 left on base; Toronto 2 - Kansas City 1 |
| TOP OF THE 7TH |
|
Toronto Blue Jays batting - Pitching for Kansas City Royals : RHP Tom Jensen
|
|
Batting: LHB Isto Mäyrä
|
0-0: Called Strike 0-1: Called Strike 0-2: Ball 1-2: Ball 2-2: Strikes out swinging
|
|
Batting: SHB Dylan Novakowski
|
0-0: Ball 1-0: Called Strike 1-1: Foul Ball, location: 2F 1-2: Ball 2-2: Ball 3-2: Base on Balls
|
|
Batting: RHB Cole Zelinski
|
0-0: Called Strike Dylan Novakowski steals 2nd base 0-1: Called Strike 0-2: Ball 1-2: Reached on error, E6 (Groundball, 6, EV 96.2 MPH) Dylan Novakowski to third
|
|
Batting: RHB Jerry Jauregui
|
0-0: Called Strike 0-1: Ball Cole Zelinski steals 2nd base 1-1: Foul Ball, location: 2F 1-2: Ball 2-2: Ball 3-2: Base on Balls
|
|
Batting: LHB Jon Schick
|
0-0: Swinging Strike 0-1: SINGLE (Groundball, 4M, EV 107.5 MPH) (infield hit) Dylan Novakowski scores Cole Zelinski to third Jerry Jauregui to second
|
|
Pitching: LHP John Brooks
|
|
|
Pinch Hitting: SHB Matt Altieri
|
0-0: Ball 1-0: Ball 2-0: Called Strike 2-1: Ball 3-1: Fly out, F9 (Flyball, 89M, EV 87.5 MPH)
|
|
Batting: RHB Ruben Velasco
|
0-0: Called Strike 0-1: Ball 1-1: Ball 2-1: Swinging Strike 2-2: Strikes out swinging
|
| Top of the 7th over - 1 run, 1 hit, 1 error, 3 left on base; Toronto 3 - Kansas City 1 |
| BOTTOM OF THE 7TH |
|
Kansas City Royals batting - Pitching for Toronto Blue Jays : RHP Larry Legros
|
|
Now at 1B: Adam Burke
|
|
|
Batting: LHB Manny Estrada
|
0-0: Ball 1-0: Ball 2-0: Foul Ball, location: 2F 2-1: Ball 3-1: Base on Balls
|
|
Batting: LHB Zion Davidson
|
0-0: Ball 1-0: Ball 2-0: Grounds into double play, 3-6-1 (Groundball, 3, EV 102.5 MPH)
|
|
Batting: RHB Jordan Diaz
|
0-0: Ball 1-0: Ball 2-0: Called Strike 2-1: SINGLE (Flyball, 89S, EV 98.1 MPH)
|
|
Batting: SHB Gil Switzer
|
0-0: Ball 1-0: Swinging Strike 1-1: Ball 2-1: SINGLE (Line Drive, 6M, EV 95.6 MPH) Jordan Diaz to second Runner from 2nd tries for 3rd, OUT! 8-5
|
| Bottom of the 7th over - 0 runs, 2 hits, 0 errors, 1 left on base; Toronto 3 - Kansas City 1 |
| TOP OF THE 8TH |
|
Toronto Blue Jays batting - Pitching for Kansas City Royals : LHP John Brooks
|
|
Batting: RHB Shigem Kubo
|
0-0: Called Strike 0-1: Ball 1-1: TRIPLE (Flyball, 8LXD, EV 93.8 MPH)
|
|
Batting: RHB Kirk Arp
|
0-0: Ball 1-0: Called Strike 1-1: Ball 2-1: Foul Ball, location: 2F 2-2: Foul Ball, location: 2F 2-2: Ball 3-2: Ground out 6-3 (Groundball, 6, EV 83.8 MPH) Shigem Kubo scores
|
|
Batting: LHB Isto Mäyrä
|
0-0: Ball 1-0: Called Strike 1-1: Swinging Strike 1-2: Ball 2-2: Strikes out looking
|
|
Batting: SHB Dylan Novakowski
|
0-0: Ball 1-0: Foul Ball, location: 2F 1-1: Foul Ball, location: 2F 1-2: Strikes out looking
|
| Top of the 8th over - 1 run, 1 hit, 0 errors, 0 left on base; Toronto 4 - Kansas City 1 |
| BOTTOM OF THE 8TH |
|
Kansas City Royals batting - Pitching for Toronto Blue Jays : RHP Larry Legros
|
|
Batting: RHB Avery Maxwell
|
0-0: SINGLE (Groundball, 6D, EV 104.4 MPH)
|
|
Batting: RHB Mike Batko
|
0-0: Ball 1-0: SINGLE (Line Drive, 4D, EV 108.1 MPH) Avery Maxwell to second
|
|
Batting: RHB Mike Jaquez
|
0-0: SINGLE (Line Drive, 78S, EV 105.6 MPH) Avery Maxwell to third Mike Batko to second Runner from 3rd tries for Home, throw by LF and OUT! 7-2
|
|
Batting: RHB Aaron Matthews
|
0-0: Called Strike 0-1: Ball 1-1: Fly out, F3 (Popup, 3SF, EV 81.9 MPH)
|
|
Batting: SHB Tony Prado
|
0-0: Called Strike 0-1: Foul Ball, location: 2F 0-2: Ball 1-2: Ball 2-2: Ball 3-2: DOUBLE (Line Drive, 89XD, EV 109.4 MPH) Mike Batko scores Mike Jaquez to third
|
|
Pitching: LHP Tim Franco
|
|
|
Pinch Hitting: RHB Adam Martin
|
0-0: Ball 1-0: Ball 2-0: Called Strike 2-1: Foul Ball, location: 2F 2-2: Foul Ball, location: 2F 2-2: Strikes out swinging
|
| Bottom of the 8th over - 1 run, 4 hits, 0 errors, 2 left on base; Toronto 4 - Kansas City 2 |
| TOP OF THE 9TH |
|
Toronto Blue Jays batting - Pitching for Kansas City Royals : LHP John Brooks
|
|
Now at 1B: Adam Martin
|
|
|
Batting: RHB Cole Zelinski
|
0-0: Foul Ball, location: 2F 0-1: Ball 1-1: Ball 2-1: SINGLE (Line Drive, 4MD, EV 95.0 MPH)
|
|
Batting: RHB Jerry Jauregui
|
0-0: Called Strike 0-1: SINGLE (Line Drive, 9S, EV 109.4 MPH) Cole Zelinski to second
|
|
Batting: LHB Jon Schick
|
0-0: Called Strike 0-1: Ball 1-1: Ball 2-1: Called Strike 2-2: Fly out, F8 (Line Drive, 8RD, EV 101.2 MPH)
|
|
Batting: RHB Adam Burke
|
0-0: SINGLE (Line Drive, 34D, EV 98.1 MPH) Cole Zelinski to third Jerry Jauregui to second Runner from 3rd tries for Home, SAFE, throw by RF to home
|
|
Batting: RHB Ruben Velasco
|
0-0: Ball 1-0: Foul Ball, location: 2F 1-1: Foul Ball, location: 2F 1-2: Foul Ball, location: 2F 1-2: Ball 2-2: Ball 3-2: Grounds into double play, 4-6-3 (Groundball, 4, EV 85.6 MPH)
|
| Top of the 9th over - 1 run, 3 hits, 0 errors, 1 left on base; Toronto 5 - Kansas City 2 |
| BOTTOM OF THE 9TH |
|
Kansas City Royals batting - Pitching for Toronto Blue Jays : LHP Tim Franco
|
|
Pitching: RHP J.J. Thompson
|
|
|
Batting: LHB Zion Davidson
|
0-0: Foul Ball, location: 2F 0-1: Ball 1-1: Fly out, F9 (Flyball, 9LM, EV 83.1 MPH)
|
|
Batting: RHB Jordan Diaz
|
0-0: Called Strike 0-1: SINGLE (Groundball, 6MD, EV 98.1 MPH)
|
|
Batting: SHB Gil Switzer
|
0-0: Ball 1-0: Called Strike 1-1: Ball 2-1: Foul Ball, location: 2F 2-2: Strikes out looking
|
|
Batting: RHB Avery Maxwell
|
0-0: Ball 1-0: Called Strike 1-1: Swinging Strike 1-2: Fly out, F9 (Flyball, 9D, EV 91.9 MPH)
|
| Bottom of the 9th over - 0 runs, 1 hit, 0 errors, 1 left on base; Toronto 5 - Kansas City 2 |
|